 Dungeon Crawl Stone Soup version 0.24.1-1-gd1d2a07e1b (webtiles) character file.

Game seed: 1646755936459413082, levelgen mode: deterministic

19801 Descartes the Apostle (level 12, 0/113 HPs)
             Began as a Hill Orc Monk on Apr 10, 2020.
             Was a High Priest of Beogh.
             Slain by a very large slime creature (12 damage)
             ... on level 12 of the Dungeon.
             The game lasted 00:51:01 (18094 turns).

Descartes the Apostle (Hill Orc Monk)              Turns: 18094, Time: 00:51:03

Health: 0/113      AC: 18    Str: 22    XL:     12   Next: 72%
Magic:  0/24       EV: 10    Int: 10    God:    Beogh [*****.]
Gold:   666        SH:  0    Dex: 14    Spells: 11/11 levels left

rFire    + + .     SeeInvis +   q - -2 great sword (curse)
rCold    x . .     Gourm    .   (shield currently unavailable)
rNeg     . . .     Faith    .   F - +1 chain mail {rF+}
rPois    .         Spirit   +   (no helmet)
rElec    .         Reflect  .   U - scarf {cloud immunity}
rCorr    .         Harm     .   r - +0 pair of gloves
MR       +....                  z - +0 pair of boots
Stlth    ..........             i - amulet of guardian spirit
HPRegen  0.28/turn              R - +2 ring of protection
MPRegen  0.19/turn              L - ring of Xafauket {Fire MR+ Str+4 SInv}

@: no status effects
A: walk on water
a: Smiting, Recall Orcish Followers, Give Item to Named Follower, Renounce
Religion


You were on level 12 of the Dungeon.
You worshipped Beogh.
Beogh was extremely pleased with you.
You were not hungry.

You visited 3 branches of the dungeon, and saw 17 of its levels.

You collected 1054 gold pieces.
You spent 388 gold pieces at shops.

Inventory:

Hand Weapons
 e - the +2 hand axe of a bailey {chop, *Corrode Str+5}
   (You found it on level 1 of the Lair of Beasts)

   It inflicts extra damage upon your enemies.
   It affects your strength (+5).
   It may corrode you when you take damage.
 o - a +2 glaive of venom
 q - a cursed -2 great sword (weapon)
 v - the +5 trident of Eternity {vamp, rElec rF+}
   (You found it on level 11 of the Dungeon)

   It inflicts no extra harm, but heals its wielder when it wounds a living foe.
   It protects you from fire.
   It insulates you from electricity.
 C - a +2 long sword of protection
Missiles
 t - 10 poisoned darts (quivered)
 M - 7 curare-tipped darts
 O - 6 boomerangs
 S - 2 throwing nets
 V - 8 boomerangs of dispersal
Armour
 n - a +0 plate armour
 r - a +0 pair of gloves (worn)
 z - a +0 pair of boots (worn)
 F - a +1 chain mail of fire resistance (worn)
 U - a scarf of cloud immunity (worn)
Jewellery
 b - a +1 ring of protection
 i - an amulet of guardian spirit (around neck)
 m - a +3 ring of slaying
 E - an uncursed ring of protection from magic
 L - the ring of Xafauket (right hand) {Fire MR+ Str+4 SInv}
   (You found it on level 6 of the Dungeon)

   [ring of fire]

   It enhances your fire magic.
   It affects your strength (+4).
   It protects you from fire.
   It makes you vulnerable to cold.
   It affects your resistance to hostile enchantments.
   It lets you see invisible.
 R - a +2 ring of protection (left hand)
 T - an uncursed ring of positive energy
Wands
 a - a wand of digging (5)
 x - a wand of polymorph (18)
 P - a wand of flame (38)
 Q - a wand of iceblast (26)
 W - a wand of paralysis (3)
 X - a wand of disintegration (38)
 Z - a wand of acid (7)
Scrolls
 d - 2 scrolls of amnesia
 h - 2 scrolls of fear
 l - 2 scrolls of enchant armour
 s - a scroll of identify
 w - 7 scrolls of magic mapping
 y - 2 scrolls of blinking
 B - 10 scrolls of teleportation
 D - 3 scrolls of enchant weapon
 K - 3 scrolls of immolation
Potions
 f - 5 potions of curing
 g - 3 potions of cancellation
 j - a potion of resistance
 k - a potion of flight
 p - 2 potions of lignification
 u - a potion of berserk rage
 A - a potion of magic {unknown}
 G - 3 potions of heal wounds
 H - 3 potions of invisibility
 I - 3 potions of haste
 N - 3 potions of agility
 Y - 4 potions of might
Comestibles
 c - 38 rations


   Skills:
 + Level 12.6 Fighting
 - Level 4.5 Long Blades
 + Level 1.7 Polearms
 + Level 11.1 Armour
 - Level 3.0 Dodging
 - Level 2.1 Stealth
 * Level 17.0 Invocations


You had 11 spell levels left.
You didn't know any spells.
Your spell library contained the following spells:

 Spells                   Type           Power        Failure   Level  Hunger
 Animate Skeleton         Necr           N/A          91%         1    ##.....
 Apportation              Tloc           #.....       91%         1    ##.....
 Confusing Touch          Hex            #.....       91%         1    ##.....
 Summon Small Mammal      Summ           #...         91%         1    ##.....


Dungeon Overview and Level Annotations

Branches:
Dungeon (12/15)            Temple (1/1) D:5            Lair (4/6) D:8
 Shoals (0/4) Lair:2       Spider (0/4) Lair:3          Orc (0/2) D:10

Altars:
Ashenzari
Cheibriados
Dithmenos
Elyvilon
Fedhas
Gozag
Hepliaklqana
Kikubaaqudgha
Makhleb
Nemelex Xobeh
Okawaru
Qazlal
Ru
Sif Muna
Trog
Uskayaw
Vehumet
Wu Jian
Xom
Yredelemnul
Zin
The Shining One

Shops:
D:4 *   D:6 *   D:11 !

Annotations:
D:10 3 runed translucent doors, Lugheud's ghost, journeyman CeEE
D:11 2 runed translucent doors


Message History

Your orc wizard mumbles some strange words.
Your orc wizard seems to speed up.
Boghold roars a battlecry!
Your orc goes into a battle-frenzy!
The very large slime creature hits you!!
* * * LOW HITPOINT WARNING * * *
You hit the very large slime creature.
The very large slime creature is severely wounded.
A slime creature comes into view.
Boghold hits the very large slime creature with a +1 war axe of venom!!
The very large slime creature hits you but does no damage.
Unknown command.
You slash the very large slime creature!
The very large slime creature is almost dead.
A slime creature comes into view.
The very large slime creature hits you!
* * * LOW HITPOINT WARNING * * *
Boghold hits the very large slime creature with a +1 war axe of venom!
The very large slime creature hits you!
You die...

.....#.#....# ......
.....#.#....###......
.._......o.....).....
........o######(.....##
..........o....# ..
####....######†####.####[
##...# #†.)........ #...#
#ooo...#.### #####
#o@o....... #J###....##
#.Y.o....## ..)..o..).#
.JJ.......))#
..............#
..............#
..............#
......#......##


You could see a very large slime creature, 2 slime creatures, a yak, the
friendly Boghold the orc knight, a friendly orc warrior, 2 friendly orc wizards
and a friendly orc.

Vanquished Creatures
  Erica (Lair:2)
  Pikel (D:6)
  An ugly thing (D:8)
  The ghost of beardedkeet the Slinger, a novice HaHu (D:6)
  Maurice (D:10)
  2 spiny frogs
  A blink frog (Lair:4)
  Prince Ribbit (D:8)
  4 hippogriffs
  7 yaks
  A vampire (D:11)
  An acid dragon (D:11)
  2 wargs
  3 water moccasins
  4 porcupines
  2 sky beasts
  2 ice beasts (D:6)
  A black bear (D:9)
  2 necrophages
  3 orc warriors
  5 ogres
  A tengu (D:9)
  3 centaurs
  5 crocodiles
  5 bullfrogs
  4 scorpions
  5 killer bees
  3 howler monkeys
  5 crimson imps
  A centaur zombie (D:9)
  2 orc priests
  A hound (D:9)
  5 jellies
  An orc wizard (D:4)
  2 iguanas
  5 worker ants
  A hound zombie (D:6)
  A worker ant zombie (D:6)
  17 adders
  3 shadow imps
  3 white imps (D:6)
  A worker ant simulacrum (D:6)
  An adder zombie (D:7)
  5 worms
  3 dart slugs
  4 leopard geckos
  15 orcs
  4 ball pythons
  4 giant cockroaches
  10 goblins
  14 hobgoblins
  11 jackals
  9 kobolds
  2 quokkas
  5 bats
  5 frilled lizards
  A jackal zombie (D:8)
  3 quokka skeletons
  6 rats
222 creatures vanquished.

Vanquished Creatures (collateral kills)
  An entropy weaver (Lair:1)
  An ogre mage (D:11)
  3 hydras
  2 two-headed ogres
  2 cyclopes
  A merfolk siren (Lair:2)
  A black mamba (Lair:1)
  A gargoyle (D:10)
  A spiny frog (Lair:1)
  Psyche (D:10)
  3 komodo dragons
  A rime drake (Lair:4)
  4 jumping spiders (Lair:3)
  A polar bear (Lair:4)
  2 blink frogs (Lair:4)
  2 trolls (D:9)
  A spriggan (D:9)
  A wraith (D:11)
  3 redbacks (Lair:3)
  2 hungry ghosts
  A wyvern (D:11)
  4 basilisks
  9 yaks
  A warg (D:8)
  5 water moccasins
  3 porcupines
  A sky beast (D:7)
  2 orc warriors
  2 ogres
  A phantom (D:12)
  3 centaurs (D:12)
  3 crocodiles
  7 bullfrogs
  A killer bee (D:11)
  6 howler monkeys
  3 crimson imps
  2 quasits
  4 orc priests
  A centaur skeleton (D:7)
  3 jellies
  An orc wizard (D:8)
  A bullfrog skeleton (D:11)
  A hound skeleton (D:6)
  2 white imps (D:6)
  2 leopard geckos
  5 orcs
  A goblin (D:10)
  A hobgoblin (D:10)
  2 quokkas
  2 fungi (Lair:4)
  6 plants
120 creatures vanquished.

Vanquished Creatures (others)
  2 orc knights
  2 orc warriors
  7 orc priests
  3 orc wizards
  17 orcs
  9 fungi
  3 plants (Lair:2)
43 creatures vanquished.

Grand Total: 385 creatures vanquished

Notes
Turn   | Place    | Note
-------+----------+-------------------------------------------
     0 | D:1      | Descartes the Hill Orc Monk began the quest for the Orb.
     0 | D:1      | Reached XP level 1. HP: 19/19 MP: 1/1
    94 | D:1      | Reached XP level 2. HP: 27/27 MP: 2/2
   536 | D:2      | Reached XP level 3. HP: 28/33 MP: 3/3
  1210 | D:2      | Reached XP level 4. HP: 33/40 MP: 4/4
  1740 | D:2      | Found a sacrificial altar of Ru.
  2040 | D:3      | Reached skill level 1 in Armour
  2076 | D:3      | Found a radiant altar of Vehumet.
  2367 | D:3      | Became a worshipper of Beogh the Brigand
  2367 | D:3      | Reached * piety under Beogh
  2367 | D:3      | Reached ** piety under Beogh
  2543 | D:3      | Reached XP level 5. HP: 47/47 MP: 5/5
  2785 | D:3      | Reached skill level 5 in Fighting
  3218 | D:4      | Reached skill level 1 in Invocations
  3218 | D:4      | Reached XP level 6. HP: 56/56 MP: 5/7
  3239 | D:4      | Reached skill level 2 in Invocations
  3530 | D:4      | Found an opulent altar of Gozag.
  3580 | D:4      | Reached *** piety under Beogh
  3583 | D:4      | Reached skill level 3 in Invocations
  3828 | D:4      | Found Buruilak's Assorted Antiques.
  3842 | D:4      | Bought a scroll labeled WICONI OFRUGHOCHOL for 27 gold
                  | pieces
  3842 | D:4      | Bought a scroll of identify for 54 gold pieces
  3842 | D:4      | Bought a fuming cyan potion for 24 gold pieces
  3842 | D:4      | Bought a scroll of identify for 54 gold pieces
  3842 | D:4      | Bought 2 amethyst potions for 48 gold pieces
  3842 | D:4      | Bought a scroll labeled GELIRR UW WAUSSO for 27 gold pieces
  3923 | D:4      | Reached XP level 7. HP: 62/62 MP: 9/9
  3927 | D:4      | Found a white marble altar of Elyvilon.
  3931 | D:4      | Found a stormy altar of Qazlal.
  3940 | D:4      | Found a basalt altar of Yredelemnul.
  4113 | D:5      | Entered Level 5 of the Dungeon
  4190 | D:5      | Reached skill level 4 in Invocations
  4220 | D:5      | Found a staircase to the Ecumenical Temple.
  4903 | Temple   | Entered the Ecumenical Temple
  5237 | D:6      | Reached skill level 5 in Invocations
  5347 | D:6      | Noticed Pikel
  5347 | D:6      | Found Houc's Assorted Antiques.
  5354 | D:6      | Killed Pikel
  5354 | D:6      | Reached skill level 5 in Armour
  5354 | D:6      | Reached skill level 7 in Invocations
  5354 | D:6      | Reached XP level 8. HP: 43/73 MP: 11/13
  5438 | D:6      | Found a blossoming altar of Fedhas.
  5539 | D:6      | Found a hazy altar of Hepliaklqana.
  5588 | D:6      | Noticed beardedkeet's ghost (novice HaHu)
  5612 | D:6      | Found a runed translucent gate.
  5612 | D:6      | Found a runed translucent gate.
  5612 | D:6      | Found a runed translucent gate.
  5639 | D:6      | Reached skill level 8 in Invocations
  6157 | D:6      | Killed beardedkeet's ghost
  6157 | D:6      | Reached skill level 9 in Invocations
  6157 | D:6      | Reached XP level 9. HP: 75/81 MP: 14/16
  6180 | D:6      | Got the ring of Xafauket {Fire}
  6188 | D:6      | Identified the ring of Xafauket {Fire MR+ Str+4 SInv} (You
                  | found it on level 6 of the Dungeon)
  6241 | D:6      | Bought a scroll labeled UNAFUNUCVO for 31 gold pieces
  6241 | D:6      | Bought a white potion for 27 gold pieces
  6241 | D:6      | Bought a scroll labeled SUISKOSS NUBBOIGG for 31 gold
                  | pieces
  6598 | D:7      | Reached skill level 10 in Invocations
  6793 | D:7      | Found a bloodstained altar of Trog.
  6793 | D:7      | Found an ancient bone altar of Kikubaaqudgha.
  6793 | D:7      | Found a snail-covered altar of Cheibriados.
  7719 | D:8      | Found a staircase to the Lair.
  7726 | D:8      | Reached **** piety under Beogh
  7733 | D:8      | Reached skill level 11 in Invocations
  7780 | D:8      | Noticed a red ugly thing
  7789 | D:8      | HP: 2/83 [red ugly thing (9)]
  7791 | D:8      | Killed a red ugly thing
  7791 | D:8      | Reached XP level 10. HP: 2/91 MP: 14/18
  8559 | D:8      | Noticed Prince Ribbit
  8571 | D:8      | Killed Prince Ribbit
  8657 | D:9      | Gained Wardok as an ally
  8657 | D:9      | Reached skill level 12 in Invocations
  8862 | D:9      | Gained Ognian as an ally
  9184 | D:9      | Found an opulent altar of Gozag.
  9311 | D:9      | Reached skill level 10 in Fighting
  9312 | D:9      | Found a glowing golden altar of the Shining One.
  9361 | Lair:1   | Entered Level 1 of the Lair of Beasts
  9432 | Lair:1   | Noticed a spiny frog
  9436 | Lair:1   | Noticed an eight-headed hydra
  9440 | Lair:1   | Killed a spiny frog
  9440 | Lair:1   | Reached skill level 13 in Invocations
  9441 | Lair:1   | Noticed an entropy weaver
  9441 | Lair:1   | an eight-headed hydra changed into an entropy weaver
  9445 | Lair:1   | Killed an entropy weaver
  9702 | Lair:1   | Noticed a black mamba
  9707 | Lair:1   | Killed a black mamba
 10035 | Lair:1   | Reached XP level 11. HP: 89/101 MP: 16/21
 10547 | Lair:1   | Reached skill level 14 in Invocations
 10627 | Lair:1   | Got a blackened hand axe
 10628 | Lair:1   | Identified the cursed +2 hand axe of a bailey {chop,
                  | *Corrode Str+5} (You found it on level 1 of the Lair of
                  | Beasts)
 10880 | Lair:2   | Noticed a five-headed hydra
 10889 | Lair:2   | Killed an eight-headed hydra
 10900 | Lair:2   | Gained Boghold as an ally
 11526 | Lair:2   | Noticed Erica
 11543 | Lair:2   | Killed Erica
 11725 | Lair:2   | Noticed a six-headed hydra
 11733 | Lair:2   | Killed a seven-headed hydra
 12033 | Lair:2   | Found a staircase to the Shoals.
 12398 | Lair:3   | Reached ***** piety under Beogh
 12400 | Lair:3   | Reached skill level 15 in Invocations
 12957 | Lair:3   | Found a hole to the Spider Nest.
 12971 | Lair:3   | Reached skill level 10 in Armour
 13923 | Lair:4   | Noticed a seven-headed hydra
 13925 | Lair:4   | Your ally Wardok died
 13928 | Lair:4   | Killed a seven-headed hydra
 13934 | Lair:4   | Reached XP level 12. HP: 56/111 MP: 15/23
 15199 | Lair:4   | Found a shimmering altar of Xom.
 15424 | D:10     | Entered Level 10 of the Dungeon
 15443 | D:10     | Reached skill level 16 in Invocations
 15457 | D:10     | Found a staircase to the Orcish Mines.
 15526 | D:10     | Found a runed translucent gate.
 15527 | D:10     | Found a runed translucent gate.
 15528 | D:10     | Found a runed translucent gate.
 15531 | D:10     | Noticed Lugheud's ghost (journeyman CeEE)
 15685 | D:10     | Noticed Maurice
 15708 | D:10     | Killed Maurice
 15940 | D:10     | Noticed Psyche
 15945 | D:10     | Killed Psyche
 16558 | D:11     | Got a transparent trident
 16798 | D:11     | Noticed an ogre mage
 16810 | D:11     | Found a large runed translucent door.
 16815 | D:11     | Killed an ogre mage
 16822 | D:11     | Found a large runed translucent door.
 16835 | D:11     | Noticed a two-headed ogre
 16839 | D:11     | Killed a two-headed ogre
 17155 | D:11     | Found Aris's Distillery.
 17165 | D:11     | Bought a potion of heal wounds for 65 gold pieces
 17165 | D:11     | Identified the +5 trident of Eternity {vamp, rElec rF+}
                  | (You found it on level 11 of the Dungeon)
 17708 | D:12     | Noticed a two-headed ogre
 17725 | D:12     | Killed a two-headed ogre
 17725 | D:12     | Reached skill level 1 in Polearms
 18051 | D:12     | Found an opulent altar of Gozag.
 18086 | D:12     | Reached skill level 17 in Invocations
 18088 | D:12     | Your ally Ognian died
 18094 | D:12     | Slain by a very large slime creature

Levels and vault maps discovered:
D:1:      dpeg_arrival_water_altar, layout_rooms, minmay_misc_feat_pillars
D:2:      layout_loops_ring, nicolae_ru_path_of_blood
D:3:      minmay_octagon_keep, layout_loops_cross, overflow_temple_1_default,
          wad_floor_pattern_untrapped
D:4:      layout_basic, minmay_overflow_temple_star_quad, serial_shops,
          nicolae_shop_temple_entry_statues_fountains, grunt_gozag_statues
D:5:      layout_loops_ring, minmay_temple_entry_antechambers, first_ration,
          hex_tiny
D:6:      layout_basic, lemuel_round_altar, serial_shops, nicolae_shop_stone,
          gammafunk_ghost_icy, fedhas_ov_isle_minmay, uniq_pikel
D:7:      layout_gridville, chequers_temple_overflow_statue_of_worship
D:8:      layout_loops_ring, erik_lair_orcish_takeover, uniq_prince_ribbit1
D:9:      layout_loops_ring, marbit_many_paths, basic_altar, the_bakery,
          palyth_stone_intersect
D:10:     layout_irregular_city, erik_orc_4, gammafunk_ghost_necromancy,
          uniq_psyche, uniq_maurice
D:11:     layout_basic, serial_shops, shop, jmf_multi_god_temple2
D:12:     layout_basic, basic_altar, minivault_20
Temple:   minmay_temple_bridge_abc
Lair:1:   layout_hall_layers, chequers_serial_rivers_small_a, lemuel_fruit_tree,
          grunt_megastairs_5
Lair:2:   layout_roguey, minmay_shoals_entry_lonely_mermaid, uniq_erica
Lair:3:   layout_long_grid, nicolae_spider_entry_tight_spaces
Lair:4:   wander_river, layout_regular_city, basic_altar,
          chequers_serial_rivers_room_a

Skill      XL: |  1  2  3  4  5  6  7  8  9 10 11 12 |
---------------+-------------------------------------+-----
Fighting       | 4 5 7 9 10 11 12 | 12.6
Stealth        | 2 |  2.1
Dodging        | 3 |  3.0
Armour         | 1 2 3 5 6 7 8 10 11 | 11.1
Long Blades    | 4 |  4.5
Invocations    | 1 3 7 9 11 13 15 17 | 17.0
Polearms       | 1 |  1.7

Action                   |  1- 3 |  4- 6 |  7- 9 | 10-12 || total
-------------------------+-------+-------+-------+-------++-------
Melee: Falchion          |   113 |   163 |       |       ||   276
       War axe           |       |    35 |   187 |   158 ||   380
       Great sword       |       |       |       |   219 ||   219
Invok: Convert to Beogh  |       |     1 |       |       ||     1
       Recall Orcish Fol |       |       |     1 |     8 ||     9
       Smiting           |       |       |     1 |     1 ||     2
       Give Item to Name |       |       |       |     2 ||     2
Evoke: Wand              |       |       |       |    13 ||    13
  Use: Scroll            |       |     9 |     4 |    14 ||    27
       Potion            |       |       |       |     1 ||     1
 Stab: Distracted        |       |       |     2 |     5 ||     7
       Paralysed         |       |       |       |     4 ||     4
       Confused          |       |       |       |     1 ||     1
  Eat: Chunk             |     1 |     9 |     6 |    20 ||    36
       Ration            |       |       |     2 |     5 ||     7
Armor: Scale mail        |    41 |       |       |       ||    41
       Plate armour      |    25 |   153 |   174 |   298 ||   650
       Chain mail        |       |       |       |    35 ||    35
Dodge: Dodged            |    71 |    46 |    78 |   222 ||   417
       Rpst.: Falchion   |    27 |    11 |       |       ||    38
       Great sword       |       |       |       |    45 ||    45
